 Dungeon Crawl Stone Soup version 0.30-a0-135-g630cfc4551 (webtiles) character file.

Game seed: 13237110964079356308

102 bande the Chopper (level 4, -1/41 HPs)
             Began as a Hill Orc Fighter on Sept 20, 2022.
             Succumbed to zxpr0jk's ghost's poison
             ... on level 3 of the Dungeon.
             The game lasted 00:03:52 (2907 turns).

bande the Chopper (Hill Orc Fighter)                Turns: 2907, Time: 00:03:53

Health: -1/41      AC: 11    Str: 18    XL:     4   Next: 78%
Magic:  4/4        EV:  6    Int:  8    God:
Gold:   145        SH:  4    Dex: 12    Spells: 3/3 levels left

rFire   . . .      SeeInvis .    a - +0 war axe
rCold   . . .      Faith    .    c - +0 buckler
rNeg    . . .      Spirit   .    h - +0 chain mail
rPois   .          Reflect  .    n - +1 helmet
rElec   .          Harm     .    (no cloak)
rCorr   .          Rampage  .    (no gloves)
Will    .....                    (no boots)
Stlth   ..........               (no amulet)
HPRegen 0.13/turn                k - +4 ring of slaying
MPRegen 0.09/turn                (no ring)

@: lethally poisoned (-1 -> -13)
A: no striking features
a: no special abilities


You were on level 3 of the Dungeon.
You visited 1 branch of the dungeon, and saw 3 of its levels.

You collected 145 gold pieces.

Inventory:

Hand Weapons
 a - a +0 war axe (weapon)
Armour
 c - a +0 buckler (worn)
 h - a +0 chain mail (worn)
 n - a +1 helmet (worn)
Jewellery
 k - a +4 ring of slaying (left hand)
Scrolls
 f - a scroll of poison
Potions
 d - a potion of might
 l - a potion of magic
 m - a potion of mutation {unknown}


   Skills:
 + Level 4.3 Fighting
 + Level 4.6 Axes
 + Level 4.1 Armour
 + Level 3.7 Shields


You had 3 spell levels left.
You didn't know any spells.
Your spell library was empty.

Dungeon Overview and Level Annotations

Branches:
Dungeon (3/15)

Altars:
Vehumet

Annotations:
D:3 zxpr0jk's ghost, amateur DrIE


Message History

No target in view!
No target in view!
You open the door.
There is an open door here.
Could not explore, unopened runed door.
No reachable target in view!
Could not explore, unopened runed door.
You open the door. You barely miss zxpr0jk's ghost.
Zxpr0jk's ghost freezes you.
You are frozen!
You slash zxpr0jk's ghost!
Zxpr0jk's ghost is moderately damaged.
Zxpr0jk's ghost freezes you.
You are frozen.
You slash zxpr0jk's ghost!
Zxpr0jk's ghost is heavily damaged.
Zxpr0jk's ghost hits you.
You are poisoned.
Zxpr0jk's ghost hits you but does no damage.
You are more poisoned.
You miss zxpr0jk's ghost.
Zxpr0jk's ghost is heavily damaged.
You feel very sick.
Zxpr0jk's ghost hits you but does no damage.
You are lethally poisoned!
You hit zxpr0jk's ghost but do no damage.
Zxpr0jk's ghost is heavily damaged.
You feel very sick. Zxpr0jk's ghost freezes you.
You are frozen!
* * * LOW HITPOINT WARNING * * *
You closely miss zxpr0jk's ghost.
Zxpr0jk's ghost is heavily damaged.
* * * LOW HITPOINT WARNING * * *
You feel very sick. Zxpr0jk's ghost closely misses you.
You slash zxpr0jk's ghost!
Zxpr0jk's ghost is severely damaged.
You die...

# #.#.##......##⌠##......#
###.#'###....##...##.....#
.........#..##.....##....#
.........#..#⌠.!♣?.⌠#..#.########
(........#..##.....##............
###'#.####...##...##...########.#
# #.#.#.......##.##...........#.#
#####.#.##.....#W#...########.#.#
................@...## #.#.#
.<###.#............## #.#.#
#...................#########.#.#
...##...<.......................#
##########.####.#.###########.#.#
................#.###########.#.#
##########.######................
##########.# #.###########.#.#
...........# #.####### #.#.#


You could see zxpr0jk's ghost.

Vanquished Creatures
  Jessica (D:2)
  An adder (D:2)
  3 worms
  3 dart slugs
  4 bats
  6 endoplasms
  A giant cockroach (D:3)
  4 hobgoblins
  3 quokkas (D:2)
  5 ball pythons
  2 frilled lizards
  5 goblins
  8 kobolds
  5 rats
51 creatures vanquished.

Notes
Turn   | Place    | Note
-------+----------+-------------------------------------------
     0 | D:1      | bande the Hill Orc Fighter began the quest for the Orb.
     0 | D:1      | Reached XP level 1. HP: 19/19 MP: 1/1
   222 | D:1      | Reached XP level 2. HP: 25/27 MP: 2/2
   736 | D:2      | Reached XP level 3. HP: 31/33 MP: 3/3
   928 | D:2      | Noticed Jessica
   934 | D:2      | Killed Jessica
   935 | D:2      | Reached XP level 4. HP: 40/40 MP: 4/4
   958 | D:2      | Found a faded altar of an unknown god.
  1556 | D:2      | Found a radiant altar of Vehumet.
  1833 | D:3      | Found a runed translucent door.
  1833 | D:3      | Noticed zxpr0jk's ghost (amateur DrIE)
  2906 | D:3      | HP: 2/41 [poisoned by zxpr0jk's ghost]
  2907 | D:3      | Succumbed to zxpr0jk's ghost's poison

Illustrated notes

Levels and vault maps discovered:
D:1:      heliophobic_arrival_battle_scene, layout_basic, serial_bayou_pond_d,
          minmay_curled_crystal
D:2:      layout_basic, basic_ecumenical_altar, basic_altar,
          minmay_misc_feat_encased, uniq_jessica
D:3:      layout_basic, hellmonk_ghost_happy_afterlife, chequers_mini_garden

Skill      XL: |  1  2  3  4 |
---------------+-------------+-----
Axes           | 3 4 |  4.6
Fighting       | 4 |  4.3
Armour         | 4 |  4.1
Shields        | |  3.7

Action                   |  1- 3 |  4- 6 || total
-------------------------+-------+-------++-------
Melee: War axe           |    75 |    57 ||   132
  Use: Scroll            |       |     6 ||     6
Armor: Scale mail        |    22 |       ||    22
       Chain mail        |    12 |    24 ||    36
Dodge: Dodged            |    30 |     9 ||    39
Block: Buckler           |    20 |     8 ||    28

Table legend: (Time is in decaauts)
 A = Elapsed time spent in this place.
 B = Non-inter-level travel time spent in this place.
 C = Inter-level travel time spent in this place.
 D = Time resting spent in this place.
 E = Time spent auto-exploring this place.
 F = Levels seen in this place.
 G = Mean time per level.
                   A        B        C        D        E       F      G
               +--------+--------+--------+--------+--------+-----+--------+
         Total |   2953 |   2953 |      0 |    240 |   2170 |   3 |  984.3 |
       Dungeon |   2953 |   2953 |      0 |    240 |   2170 |   3 |  984.3 |
               +--------+--------+--------+--------+--------+-----+--------+

Top non-repeatable levels by time:
     D:3: 1199 daAuts
     D:2: 1031 daAuts
     D:1: 722 daAuts
